 Dungeon Crawl Stone Soup version 0.19-a0-593-gf2cdb02 (webtiles) character file.

124067 Ijustatesigmund the Warrior (level 16, -2/95 HPs)
             Began as a Merfolk Fighter on June 10, 2016.
             Was the Champion of Ashenzari.
             Slain by a starcursed mass (10 damage)
             ... while paralysed
             ... on level 2 of the Abyss.
             The game lasted 02:23:15 (30002 turns).

Ijustatesigmund the Warrior (Merfolk Fighter)      Turns: 30002, Time: 02:23:16

Health: -2/95      AC: 21    Str: 14      XL:     16   Next: 92%
Magic:  14/17      EV:  2    Int:  0 (8)  God:    Ashenzari [******]
Gold:   1004       SH:  0    Dex: 17 (19) Spells: 3 memorised, 10 levels left

rFire  . . .     SeeInvis +     r - +3 trident (protect) (curse)
rCold  . . .     Gourm    .     K - +3 ring mail of the Leaf {Int+4 Dex+5} (curse)
rNeg   . . .     Faith    .     c - +0 shield
rPois  +         Spirit   .     h - +0 helmet (curse)
rElec  .         Dismiss  .     O - +1 cloak (curse)
rCorr  .         Reflect  .     T - +0 pair of gloves (curse)
SustAt .         Harm     .     Z - +0 pair of boots (curse)
MR     +....     Clarity  +     b - amulet of rage (curse)
Stlth  ++++++.... Rnd*Tele +    E - ring of stealth
                                e - ring of poison resistance (curse)

@: paralysed, exhausted, slowed, lost intelligence, studying Shields, somewhat
resistant to hostile enchantments, very stealthy
A: change form in water, swift swim, berserk 3, blurry vision 3, clumsy 2,
deformed body, deterioration 2, dopey 2, frail 3, low mp 2, screaming 3,
teleportitis 2, weak 2, no device heal 2, MP-powered wands
a: Curse Item, Scrying, Transfer Knowledge, Renounce Religion, Evoke Berserk
Rage


You were on level 2 of the Abyss.
You worshipped Ashenzari.
Ashenzari was exalted by your worship.
You were not hungry.

You visited 4 branches of the dungeon, and saw 22 of its levels.
You visited the Abyss 1 time.
You also visited: Labyrinth, Sewer, Bailey and Ice Cave.

You collected 2298 gold pieces.
You spent 1294 gold pieces at shops.

Inventory:

Hand Weapons
 r - a cursed +3 trident of protection (weapon)
Missiles
 w - 7 steel javelins (quivered)
Armour
 c - a +0 shield (worn)
 h - a cursed +0 helmet (worn)
 K - the cursed +3 ring mail of the Leaf (worn) {Int+4 Dex+5}
   (You found it on level 8 of the Dungeon)

   It affects your intelligence (+4).
   It affects your dexterity (+5).
   It has a curse placed upon it.
 O - a cursed +1 cloak (worn)
 T - a cursed +0 pair of gloves (worn)
 Y - the +9 scale mail of Blue Skies {Regen+}
   (You bought it in a shop on level 2 of the Orcish Mines)

   It increases your rate of regeneration.
 Z - a cursed +0 pair of boots (worn)
Jewellery
 b - a cursed amulet of rage (around neck)
 e - a cursed ring of poison resistance (left hand)
 E - a ring of stealth (right hand)
 H - an uncursed ring of protection from cold
 P - an uncursed ring of protection from fire
 Q - an uncursed ring of wizardry
Wands
 s - a wand of polymorph (18/24)
 C - a wand of iceblast (3/15)
 G - a wand of confusion (29/48)
 N - a wand of heal wounds (6/9)
 W - a wand of digging (14/24)
 X - a wand of paralysis (15/24)
Scrolls
 g - 8 scrolls of magic mapping
 j - 2 scrolls of fog
 o - 2 scrolls of remove curse
 t - a scroll of teleportation
 v - 4 scrolls of amnesia
 y - 4 scrolls of blinking
 A - a scroll of summoning
 F - 2 scrolls of fear
 I - 2 scrolls of immolation
 R - 5 scrolls of recharging
Potions
 d - 2 potions of flight
 k - a potion of heal wounds
 l - a potion of agility
 m - a potion of cure mutation
 n - 2 potions of berserk rage
 p - 11 potions of curing
 q - 2 potions of resistance
 u - 2 potions of ambrosia
 x - a potion of brilliance
 z - 4 potions of magic
 B - a potion of beneficial mutation {unknown}
 L - 2 potions of invisibility
 U - 2 potions of haste
Books
 D - a manual of Shields
Miscellaneous
 a - a box of beasts
 M - 2 phantom mirrors
Comestibles
 f - 12 bread rations
 i - 7 meat rations
 V - 3 fruits


   Skills:
 - Level 15.7 Fighting
 - Level 14.8(18.8) Polearms
 - Level 4.4 Throwing
 - Level 9.9(14.2) Armour
 - Level 13.2(17.3) Dodging
 - Level 12.2 Stealth
 - Level 8.0 Shields
 + Level 3.8(6.6) Charms
 + Level 4.7(7.6) Summonings
 - Level 6.9(10.0) Translocations
 * Level 3.7(6.5) Air Magic
 - Level 7.1(10.2) Evocations


You had 10 spell levels left.
You knew the following spells:

 Your Spells              Type           Power        Failure   Level  Hunger
a - Blink                 Tloc           N/A          10%         2    ###....
b - Summon Butterflies    Summ           #.......     14%         1    ##.....
c - Repel Missiles        Chrm/Air       #.....       34%         2    ###....


Dungeon Overview and Level Annotations

Branches:
Dungeon (13/15)            Temple (1/1) D:7            Lair (6/6) D:8
 Shoals (0/4) Lair:4        Snake (0/4) Lair:4        Slime (0/5) Lair:5
    Orc (2/2) D:9             Elf (0/3) Orc:2        Vaults (0/5) D:13

Altars:
Ashenzari
Cheibriados
Dithmenos
Elyvilon
Fedhas
Gozag
Hepliaklqana
Kikubaaqudgha
Makhleb
Nemelex Xobeh
Okawaru
Pakellas
Qazlal
Ru
Sif Muna
Trog
Uskayaw
Vehumet
Xom
Yredelemnul
Zin
The Shining One
Beogh
Jiyva
Lugonu

Shops:
D:8 (   D:9 [*}}   Orc:2 ![([(:*(


Innate Abilities, Weirdness & Mutations

You revert to your normal form in water.
You are very nimble and swift while swimming.
You expend magic power (3 MP) to strengthen your wands.
[You have an uncontrollable temper.]
[Scrolls take you much longer to read.]
[You are very clumsy. (Dex -4)]
[Armour fits poorly on your strangely shaped body.]
[Your body often deteriorates upon taking damage.]
[You are very dopey. (Int -4)]
[You are extremely frail. (-30% HP)]
[Your magical capacity is very low. (-20% MP)]
[You frequently scream uncontrollably at your foes.]
[You are sometimes teleported next to monsters.]
[You are very weak. (Str -4)]
[Potions and wands are poor at restoring your health.]


Message History

A cacophony of accursed wailing tears at your sanity!
* * * LOW HITPOINT WARNING * * *
Your body deteriorates!
You feel dopey.
You shrug off the repeated paralysis!
The starcursed mass misses you.
The starcursed mass engulfs you but does no damage.
The starcursed mass engulfs you!
* * * LOW HITPOINT WARNING * * *
Unknown command.
Evoke which item? (* to show all) (? for menu, Esc to quit)
Zapping:
N - a wand of heal wounds (7/9)
Press: ? - help, Shift-Dir - straight line, f - you You feel much better.
This wand has 6 charges left.
The smoke demon roars!
The crimson imp disappears in a puff of smoke!
The neqoxec gestures at you.
You feel dopey.
You have lost your intelligence.
Something feeds on your intellect! The starcursed mass engulfs you.
* * * LOW HITPOINT WARNING * * *
The starcursed mass engulfs you!
You die...

,* *** , [ . **
..#, * ,,*, **, *
,, *,, , ,....##*
,,, , * , ,, * * #.
*, ..... *, * , ,
** , , ...*#.#..*,
*, , , **, * , *#
*##** ##...## ,, ,
, *, #.
#.{##...#..## *, *
,
*.#.#.#X##.#......*
,* ,
....§X3XXX...#.*.*
*#,,, , *
#.....XX@##.#. #
*,, * **
#....X5X##.##.#
..##.* * * ,
**....#...XX#*#.
*#,#,#.. ,
#........##,...
##.,##, *
#........## ...,#.
.. * ,, ,
#.........# #.. ##*
, . , ,, ,
......3?. #
.#*,#.**# , ,
.#........# .,. *,
* *,, ** *, ,, *,,
, * *,


You could see 10 starcursed masses, a smoke demon, a neqoxec and a shadow imp.

Vanquished Creatures
  A tentacled starspawn (Abyss:2)
  A frost giant (IceCv)
  An orc warlord (Orc:1)
  A stone giant (Orc:2)
  The ghost of tstbtto the Severer, a journeyman DDFi of Makhleb (D:12)
  A minotaur (Lab)
  Fannar (Lair:1)
  6 hydras
  4 ogre magi
  2 centaur warriors (D:13)
  4 death yaks
  3 thrashing horrors (Abyss:2)
  An orc high priest (Orc:1)
  5 skeletal warriors
  2 wretched stars (Abyss:2)
  A spatial maelstrom (Abyss:2)
  3 unseen horrors
  A necromancer (D:13)
  A lindwurm (shapeshifter) (Abyss:2)
  2 hill giants
  3 ugly things
  3 griffons
  2 orc sorcerers
  A manticore (D:12)
  A centaur zombie (D:12)
  A worldbinder (Abyss:2)
  10 black mambas
  A molten gargoyle (D:13)
  19 spiny frogs
  A torpor snail (Lair:6)
  4 rime drakes
  8 komodo dragons
  2 ice devils (Lair:2)
  An ancient zyme (Abyss:2)
  15 polar bears
  4 trolls
  2 giant leeches (Lair:6)
  15 two-headed ogres
  37 blink frogs
  3 large abominations (Abyss:2)
  A boulder beetle (Lair:5)
  61 yaks
  Sigmund (D:2)
  2 fire elementals (D:13)
  2 wyverns
  A vampire (D:10)
  Eustachio (D:5)
  2 small abominations (Abyss:2)
  6 hippogriffs
  12 humans (D:13)
  A neqoxec (Abyss:2)
  3 hungry ghosts
  2 basilisks
  2 chaos spawn (Abyss:2)
  4 vampire mosquitoes (Lair:6)
  A steam dragon (D:9)
  A spatial vortex (Abyss:2)
  6 wargs
  4 hell hounds (Abyss:2)
  12 water moccasins
  9 porcupines
  2 sky beasts
  3 black bears
  6 ice beasts
  2 necrophages
  3 wasps
  24 orc warriors
  4 phantoms (D:10)
  4 eyes of draining
  17 wolves
  30 ogres
  9 centaurs
  6 crocodiles
  Blork the orc (D:5)
  28 giant frogs
  5 big kobolds
  An earth elemental (Lab)
  A wyvern zombie (D:13)
  6 scorpions
  A water moccasin skeleton (D:4)
  2 wyvern skeletons
  12 killer bees
  14 wights
  3 howler monkeys
  2 jellies
  5 electric eels
  3 lava snakes (D:13)
  3 crimson imps
  2 giant frog zombies
  7 hounds
  19 orc priests
  A giant frog skeleton (D:5)
  A centaur skeleton (D:12)
  Natasha (thrice) (D:2)
  5 iguanas
  21 orc wizards
  11 worker ants
  A killer bee zombie (D:8)
  37 sheep
  8 ogre zombies (D:9)
  A mummy (D:6)
  A howler monkey zombie (D:7)
  4 worker ant zombies
  Robin (D:3)
  13 gnolls (Bailey)
  16 adders
  26 river rats
  2 shadow imps
  2 ufetubi (Abyss:2)
  An ooze (shapeshifter) (D:13)
  3 oozes
  An adder skeleton (D:5)
  4 worms
  2 dart slugs
  5 giant geckos
  89 orcs
  5 giant cockroaches
  12 goblins
  17 hobgoblins
  15 jackals
  40 kobolds
  10 quokkas
  6 ball pythons
  5 bats
  A giant cockroach zombie (D:4)
  2 giant gecko skeletons (D:4)
  7 giant newts
  2 goblin skeletons (D:9)
  4 goblin zombies (D:9)
  5 hobgoblin zombies (D:9)
  2 orc skeletons (D:9)
  12 orc zombies (D:9)
  A quokka skeleton (D:4)
  10 rats
  A butterfly (Lair:6)
950 creatures vanquished.

Vanquished Creatures (others)
  2 hell hounds (Abyss:2)
  A wolf (IceCv)
  An ufetubus (Abyss:2)
  8 fungi
  38 plants (Lair:6)
  A starspawn tentacle (Abyss:2)
51 creatures vanquished.

Grand Total: 1001 creatures vanquished

Notes
Turn   | Place    | Note
--------------------------------------------------------------
     0 | D:1      | Ijustatesigmund the Merfolk Fighter began the quest for the Orb.
     0 | D:1      | Reached XP level 1. HP: 18/18 MP: 1/1
    12 | D:1      | Noticed a minotaur skeleton
   224 | D:1      | Reached skill level 1 in Dodging
   224 | D:1      | Reached XP level 2. HP: 25/25 MP: 2/2
   611 | D:1      | Reached skill level 4 in Fighting
   801 | D:1      | Reached XP level 3. HP: 29/30 MP: 3/3
  1013 | D:2      | Found a shattered altar of Ashenzari.
  1122 | D:2      | Became a worshipper of Ashenzari the Shackled
  1231 | D:2      | Found a blossoming altar of Fedhas.
  1295 | D:2      | Noticed Sigmund
  1302 | D:2      | Killed Sigmund
  1302 | D:2      | Reached skill level 5 in Polearms
  1302 | D:2      | Reached XP level 4. HP: 37/38 MP: 4/4
  1302 | D:2      | Reached XP level 5. HP: 42/43 MP: 5/5
  1351 | D:2      | Noticed Natasha
  1365 | D:2      | Killed Natasha
  1365 | D:2      | Reached skill level 5 in Fighting
  1365 | D:2      | Reached XP level 6. HP: 36/51 MP: 6/6
  1517 | D:2      | Found an ancient bone altar of Kikubaaqudgha.
  1634 | D:2      | Noticed Natasha
  1643 | D:2      | Killed Natasha
  1654 | D:2      | Noticed Natasha
  1659 | D:2      | Killed Natasha
  2004 | D:3      | Found a sacrificial altar of Ru.
  2085 | D:3      | Found a sparkling altar of Nemelex Xobeh.
  2085 | D:3      | Found a shimmering altar of Xom.
  2330 | D:3      | Noticed Robin
  2356 | D:3      | Killed Robin
  2497 | D:4      | Reached skill level 5 in Dodging
  2497 | D:4      | Reached XP level 7. HP: 51/56 MP: 7/7
  2596 | D:4      | Found a glowing drain.
  2602 | Sewer    | Entered a sewer
  2697 | Sewer    | Reached skill level 6 in Fighting
  2952 | D:4      | Reached * piety under Ashenzari
  3342 | D:4      | Found a basalt altar of Yredelemnul.
  3538 | D:4      | Found a glowing golden altar of the Shining One.
  3539 | D:4      | Found a glowing silver altar of Zin.
  3540 | D:4      | Found a white marble altar of Elyvilon.
  3987 | D:5      | Entered Level 5 of the Dungeon
  4225 | D:5      | Reached XP level 8. HP: 54/65 MP: 8/8
  4297 | D:5      | Noticed Blork the orc
  4308 | D:5      | Killed Blork the orc
  4312 | D:5      | Identified a scroll of acquirement
  4379 | D:5      | Noticed Eustachio
  4398 | D:5      | Killed Eustachio
  4456 | D:5      | Found a burning altar of Makhleb.
  4693 | D:6      | Found a snail-covered altar of Cheibriados.
  4845 | D:6      | Reached ** piety under Ashenzari
  4854 | D:6      | Reached skill level 5 in Armour
  5003 | D:6      | Found an iron altar of Okawaru.
  5004 | D:6      | Found a bloodstained altar of Trog.
  5421 | D:7      | Found a burning altar of Makhleb.
  5434 | D:7      | Found a staircase to the Ecumenical Temple.
  5447 | D:7      | Reached XP level 9. HP: 58/71 MP: 9/9
  5481 | Temple   | Entered the Ecumenical Temple
  5909 | D:7      | Identified the ring "Plog" {Dex+4 Stlth-}
  6507 | D:8      | Found a hazy altar of Hepliaklqana.
  6673 | D:8      | Found a staircase to the Lair.
  6679 | D:8      | Reached *** piety under Ashenzari
  6726 | D:8      | Found Uzus Ut Gyst's Antique Weapon Shoppe.
  6739 | D:8      | Found a shadowy altar of Dithmenos.
  6743 | D:8      | Reached skill level 5 in Shields
  7126 | D:8      | Got the uncursed ring mail of the Leaf {Int+4 Dex+5}
  7137 | D:8      | Identified the +3 ring mail of the Leaf {Int+4 Dex+5} (You found it on level 8 of the Dungeon)
  7289 | D:9      | Found Voqoduen's Gadget Shop.
  7292 | D:9      | Found Fuosoat's Antique Armour Boutique.
  7570 | D:9      | Reached skill level 7 in Fighting
  7605 | D:9      | Reached XP level 10. HP: 79/79 MP: 10/10
  7611 | D:9      | Found Only's Gadget Emporium.
  7656 | D:9      | Bought a wand of heal wounds (2/9) for 432 gold pieces
  7722 | D:10     | Entered Level 10 of the Dungeon
  7819 | D:10     | Reached skill level 8 in Fighting
  7819 | D:10     | Reached skill level 1 in Evocations
  8412 | D:9      | Found a staircase to the Orcish Mines.
  8442 | D:9      | Found Cidghoho's General Store.
  8453 | D:9      | Bought a scroll of remove curse for 36 gold pieces
  8782 | D:10     | Reached skill level 9 in Fighting
  9009 | D:11     | Reached skill level 5 in Evocations
  9024 | D:11     | Reached skill level 10 in Fighting
  9212 | D:10     | Noticed an unseen horror
  9227 | D:10     | Found a white marble altar of Elyvilon.
  9372 | D:10     | Noticed a hill giant
  9387 | D:10     | Killed a hill giant
  9387 | D:10     | Reached XP level 11. HP: 68/91 MP: 15/15
  9689 | D:11     | Noticed a hill giant
  9873 | D:11     | Killed a hill giant
  9923 | D:10     | Killed an unseen horror
 10087 | D:10     | Reached **** piety under Ashenzari
 10106 | D:10     | Reached skill level 11 in Fighting
 10386 | D:10     | Identified the cursed +0 rapier of the Shining Light {pain, MR+ Str-3 Dex+3}
 10952 | D:11     | Reached skill level 10 in Polearms
 11392 | D:11     | Noticed a cyan ugly thing
 11402 | D:11     | Killed a cyan ugly thing
 11596 | D:12     | Found a flagged portal.
 11603 | D:12     | Reached skill level 1 in Throwing
 11822 | Bailey   | Entered a bailey
 12158 | D:12     | Found a radiant altar of Vehumet.
 12183 | D:12     | Noticed a skeletal warrior
 12214 | D:12     | Killed a skeletal warrior
 12214 | D:12     | Reached XP level 12. HP: 100/100 MP: 17/17
 12695 | D:12     | Noticed tstbtto's ghost (journeyman DDFi)
 12729 | D:12     | Killed tstbtto's ghost
 12729 | D:12     | Reached skill level 5 in Stealth
 13389 | D:13     | Noticed a centaur warrior
 13407 | D:13     | Killed a centaur warrior
 13483 | D:13     | Found a gate to the Vaults.
 13483 | D:13     | Noticed a vault guard
 13483 | D:13     | Noticed a vault guard
 13483 | D:13     | Noticed a vault guard
 13484 | D:13     | Identified the ring "Nuoludut" {*Corrode +Fly rN+ MR+ SInv}
 13743 | Orc:1    | Entered Level 1 of the Orcish Mines
 14114 | Orc:1    | Reached ***** piety under Ashenzari
 14253 | Orc:1    | Noticed an orc high priest
 14316 | Orc:1    | Killed an orc high priest
 14969 | Orc:2    | Entered Level 2 of the Orcish Mines
 14969 | Orc:2    | Noticed an orc warlord
 15022 | Orc:1    | Killed an orc warlord
 15022 | Orc:1    | Reached skill level 10 in Stealth
 15406 | Orc:1    | Reached XP level 13. HP: 106/106 MP: 18/18
 15826 | Orc:2    | Found Kuosy's Antique Armour Boutique.
 15836 | Orc:2    | Bought a glowing cloak for 112 gold pieces
 15902 | Orc:2    | Found Cupnats's Distillery.
 15912 | Orc:2    | Bought a potion of curing for 39 gold pieces
 15934 | Orc:2    | Found a staircase to the Elven Halls.
 15952 | Orc:2    | Paralysed by an orc sorcerer for 3 turns
 16190 | Orc:2    | Noticed a stone giant
 16212 | Orc:2    | Killed a stone giant
 16333 | Orc:2    | Found Qymyss's Armour Shoppe.
 16337 | Orc:2    | Bought a +0 pair of boots for 63 gold pieces
 16345 | Orc:2    | Found Redah's Antique Weapon Shoppe.
 16377 | Orc:2    | Found a roughly hewn altar of Beogh.
 16563 | Orc:2    | Reached skill level 12 in Fighting
 16666 | Orc:2    | Found Deannuar's Weapon Boutique.
 16666 | Orc:2    | Found Ussocyurr's Book Shoppe.
 16666 | Orc:2    | Found Yluatep's General Store.
 16666 | Orc:2    | Found Qiclido's Antique Weapon Shop.
 17541 | Orc:2    | Reached skill level 13 in Fighting
 17605 | Orc:2    | Bought a scroll of blinking for 75 gold pieces
 17605 | Orc:2    | Bought a scroll of enchant weapon for 75 gold pieces
 17806 | Orc:2    | Bought a polished chain mail for 237 gold pieces
 17806 | Orc:2    | Identified the +0 chain mail of Foilo {rPois rF- rC+} (You bought it in a shop on level 2 of the Orcish Mines)
 17807 | Orc:2    | Bought a crude scale mail for 225 gold pieces
 17807 | Orc:2    | Identified the +9 scale mail of Blue Skies {Regen+} (You bought it in a shop on level 2 of the Orcish Mines)
 17955 | Lair:1   | Entered Level 1 of the Lair of Beasts
 18484 | Lair:1   | Noticed Fannar
 18500 | Lair:1   | Killed Fannar
 18684 | Lair:2   | Found a frozen archway.
 18840 | IceCv    | Entered an ice cave
 18948 | IceCv    | Identified the +1 plate armour of Day {rC+}
 19059 | IceCv    | Identified the cursed +1 robe of Inwakuoro {Stlth+}
 19151 | IceCv    | Reached XP level 14. HP: 80/119 MP: 19/19
 19624 | IceCv    | Reached skill level 14 in Fighting
 19696 | IceCv    | Noticed a frost giant
 19758 | IceCv    | Reached skill level 10 in Dodging
 19785 | IceCv    | Killed a frost giant
 20114 | IceCv    | Identified the cursed +0 rapier "Hunybb" {freeze, +Inv rF+}
 22515 | Lair:4   | Found a labyrinth entrance.
 22527 | Lab      | Entered a labyrinth
 23049 | Lab      | Reached skill level 15 in Fighting
 23171 | Lab      | Identified the +1 plate armour of Bitenua {rElec MR+} (You took it off a minotaur in a labyrinth)
 23307 | Lair:4   | Found a staircase to the Snake Pit.
 23392 | Lair:4   | Gained mutation: Your spells are a little easier to cast, but a little less powerful. [potion of mutation]
 23392 | Lair:4   | Gained mutation: [You are frail. (-10% HP)] [potion of mutation]
 23392 | Lair:4   | Gained mutation: [Scrolls take you a little longer to read.] [potion of mutation]
 23393 | Lair:4   | Lost mutation: [You are frail. (-10% HP)] [potion of cure mutation]
 23393 | Lair:4   | Lost mutation: [Scrolls take you a little longer to read.] [potion of cure mutation]
 23393 | Lair:4   | Lost mutation: Your spells are a little easier to cast, but a little less powerful. [potion of cure mutation]
 23996 | Lair:4   | Found a staircase to the Shoals.
 24393 | Lair:5   | Reached ****** piety under Ashenzari
 24415 | Lair:5   | Reached XP level 15. HP: 127/129 MP: 20/20
 24422 | Lair:5   | Reached XP level 16. HP: 137/137 MP: 21/21
 24869 | Lair:5   | Learned a level 2 spell: Blink
 24871 | Lair:5   | Learned a level 1 spell: Summon Butterflies
 24872 | Lair:5   | Found a staircase to the Slime Pits.
 24873 | Lair:5   | Found a viscous altar of Jiyva.
 24950 | Lair:5   | Reached skill level 1 in Translocations
 25442 | Lair:6   | Entered Level 6 of the Lair of Beasts
 25867 | Lair:6   | Reached skill level 5 in Translocations
 27094 | Lair:6   | Reached skill level 1 in Summonings
 27387 | Lair:1   | Learned a level 2 spell: Repel Missiles
 27778 | D:13     | Reached skill level 1 in Charms
 28384 | D:13     | Reached skill level 1 in Air Magic
 28459 | D:13     | Cast into level 2 of the Abyss (vault guard)
 28607 | Abyss:2  | Noticed a tentacled starspawn
 28626 | Abyss:2  | Killed a tentacled starspawn
 29658 | Abyss:2  | Found a corrupted altar of Lugonu.
 29756 | Abyss:2  | Noticed an Executioner
 29965 | Abyss:2  | Gained mutation: You expend magic power (3 MP) to strengthen your wands. [a neqoxec]
 29975 | Abyss:2  | Paralysed by accursed screaming for 2 turns
 29995 | Abyss:2  | Paralysed by accursed screaming for 2 turns
 30001 | Abyss:2  | HP: 1/95 [starcursed mass (12)]
 30002 | Abyss:2  | Lost intelligence.
 30002 | Abyss:2  | Slain by a starcursed mass

Vault maps used:
D:1:      shiori_arrival_whats_in_store_for_you, amethyst_killhole,
          minmay_misc_feat_iff
D:2:      nicolae_overflow_crystal_walls, overflow_temple_1_default,
          marbit_many_paths, first_bread, grunt_decor_clamped, uniq_sigmund,
          uniq_natasha
D:3:      overflow_temple_1_default, gammafunk_temple_overflow_statue,
          uniq_robin
D:4:      good_gods_temple_1, gup_sewer_entry_bubbles,
          minmay_misc_feat_secret_circle, yredelemnul_altar_generic
D:5:      basic_altar, uniq_eustachio, uniq_blork_the_orc
D:6:      grunt_temple_overflow_bloody_war, slow_altar_1
D:7:      lightli_temple_of_fire, minmay_temple_entry_large_hall, st_stairs_5
D:8:      old_standard_altar, lemuel_crystal_altar, lair_0_dummy, serial_shops,
          shop
D:9:      zombieorc2_lemuel, serial_shops, shop, nicolae_shop_crystal,
          shop_coins, shop
D:10:     basic_altar
D:11:     moated_statue
D:12:     basic_altar, enter_bailey_2, grunt_ogre_cave
D:13:     grunt_vaults_entry_tiered, kennysheep_boxes
Temple:   corrupted_temple
Lair:1:   wad_woods_road_02, uniq_fannar
Lair:2:   portal_ice_cave_demonic_guard, forest_entry_grove
Lair:3:   beast_lair_carwin_11
Lair:4:   elwin_shoals_entry_rocks, minmay_snake_entry_six_corridors,
          lab_entry_generic
Lair:5:   slime_altar_1
Lair:6:   minmay_lair_end_frog_pond, st_stairs_10, lemuel_fruit_fields
Orc:2:    st_orc_ogre_mass, serial_shops, nicolae_shop_stone, shop_statue, shop,
          nicolae_shop_temple_entry_statues_fountains, minmay_orc_temple_a
Abyss:2:  minivault_22
Lab:      labyrinth_watery, nicolae_lab_very_dead_end, nicolae_lab_hexagon,
          labyrinth_skeletal_remains
Sewer:    sewer_co_15_rooms
Bailey:   bailey_axe_2, bailey
IceCv:    ice_cave_caverns_03

Skill      XL: |  1  2  3  4  5  6  7  8  9 10 11 12 13 14 15 16 |
---------------+-------------------------------------------------+-----
Dodging        | 1 3 4 5 6 8 12 13 | 13.2
Fighting       | 4 5 6 7 10 11 13 15 | 15.7
Polearms       | 5 6 7 8 12 13 14 | 14.8
Armour         | 7 9 |  9.9
Shields        | 7 8 |  8.0
Evocations     | 5 7 |  7.1
Throwing       | 3 4 |  4.4
Stealth        | 10 12 | 12.2
Translocations | 6 |  6.9
Summonings     | 4 |  4.7
Charms         | 3 |  3.8
Air Magic      | 3 |  3.7

Action                   |  1- 3 |  4- 6 |  7- 9 | 10-12 | 13-15 | 16-18 || total
-------------------------+-------+-------+-------+-------+-------+-------++-------
Melee: Trident           |    93 |   165 |   600 |  1489 |  1596 |  1323 ||  5266
       Tailslap          |       |       |     6 |     2 |     1 |     5 ||    14
Throw: Javelin           |       |       |     3 |    20 |    11 |       ||    34
 Cast: Blink             |       |       |       |       |       |     1 ||     1
       Repel Missiles    |       |       |       |       |       |     1 ||     1
Invok: Curse Item        |       |       |     4 |     2 |     2 |       ||     8
       Scrying           |       |       |       |     2 |     2 |     2 ||     6
 Abil: Evoke Berserk Rag |       |       |       |    15 |     9 |     1 ||    25
Evoke: Wand              |       |       |       |     5 |     7 |     4 ||    16
  Use: Scroll            |     9 |     1 |    13 |     4 |    11 |     8 ||    46
       Potion            |     1 |       |     3 |     5 |     9 |     9 ||    27
 Stab: Distracted        |       |       |     1 |     5 |     6 |    10 ||    22
       Sleeping          |       |       |       |     6 |    39 |    22 ||    67
       Confused          |       |       |       |       |     1 |       ||     1
  Eat: Chunk             |     1 |     4 |    12 |    22 |    23 |     5 ||    67
       Royal jelly       |       |       |     1 |     1 |       |     1 ||     3
       Beef jerky        |       |       |     2 |     3 |     4 |     1 ||    10
       Fruit             |       |       |       |     6 |       |     3 ||     9
       Meat ration       |       |       |       |     2 |       |     1 ||     3
       Bread ration      |       |       |       |     1 |     2 |     1 ||     4
       Pizza             |       |       |       |     1 |       |       ||     1
Armor: Scale mail        |    30 |    53 |   161 |       |       |       ||   244
       Ring mail         |       |       |    25 |   298 |   291 |   260 ||   874
Dodge: Dodged            |    13 |    57 |   167 |   584 |   803 |   893 ||  2517
       Deflected         |       |       |       |       |       |     1 ||     1
Block: Shield            |    39 |    60 |   197 |   697 |   684 |   704 ||  2381
